Cogmind - Beta 15 @@@ ROGUE MODE // 2025.05.08 @ 21:22:09 Player: NuclearMayhem Result: Destroyed by TQ-8R3(j) with Overtuned Pulse Rifle Performance ------------- Evolutions (0) 0 Regions Visited (4) 800 Robots Destroyed (23) 115 Value Destroyed (835) 835 Prototype IDs (19) 380 Alien Tech Used (0) 0 Bonus (1007) 1007 TOTAL SCORE: 3137 Bonus ------- Follower Combat Kills 280 Registered with UFD 300 Met Optimus in HQ 500 Friendly Fire -73 Cogmind --------- Core Integrity 0/250 Matter 300/300 Energy 12/100 System Corruption 0% Temperature Cool (36) Movement Walking (120) Location -9/Scraptown Parts ------- > --- POWER (1) -------- (None) > --- PROPULSION (2) --- VSS Leg Assembled Alloy Leg > --- UTILITY (2) ------ Large Storage Unit Hardened Medium Armor Plating > --- WEAPON (2) ------- Makeshift Spear > --- INVENTORY (15) --- VSS Leg VSS Leg Scrap Suit Improved Melee Analysis Suite Gun Armor Tech Extrapolator Cobbler Unit Scrapoid Pod Multitool Ripteeth Ripteeth DRS Beacon (Ready) Peak State ------------ > --- POWER ------------ MA-1KR's Cyclogen > --- PROPULSION ------- Aluminum Leg Assembled Alloy Leg > --- UTILITY ---------- Large Storage Unit Hardened Medium Armor Plating > --- WEAPON ----------- Ripteeth Ripteeth > --- INVENTORY -------- Light Treads Scrap Suit Rocket Booster Improved Melee Analysis Suite Gun Armor Tech Extrapolator Cobbler Unit Scrapoid Pod Long-range Missile Launcher Multitool Ripteeth DRS Beacon [Rating: 36] Favorites ----------- Power Subdweller Power Source Engine Subdweller Power Source Power Core Fission Core Reactor MA-1KR's Cyclogen Propulsion Light Treads Treads Light Treads Leg Aluminum Leg Utility Large Storage Unit Device Disposable Heat Sink Storage Large Storage Unit Processor Rainbow Chip Protection Improved Light Armor Plating Weapon Battle Cannon Energy Gun EM Shotgun Energy Cannon Subdweller Beam Cannon Ballistic Gun Battle Rifle Ballistic Cannon Battle Cannon Launcher Grenade Launcher Impact Weapon Heavy Hammer Slashing Weapon Ripteeth Piercing Weapon Makeshift Spear Build | -11 -10 -10 -9 -9 ------- Run | Yrd Mat Sub Rec Scr Slots Evolved . | . . . . . Power . | . . . . . Propulsion . | . . . . . Utility . | . . . . . Weapon . | . . . . . Parts Attached 44 | 6 1 17 1 19 Power 6 | 1 . 2 . 3 Engine 3 | 1 . 2 . . Core 2 | . . . . 2 Reactor 1 | . . . . 1 Propulsion 10 | 2 . 3 . 5 Treads 4 | . . 3 . 1 Leg 6 | 2 . . . 4 Wheel . | . . . . . Hover . | . . . . . Flight . | . . . . . Utility 10 | 1 . 6 . 3 Device 4 | . . 4 . . Storage 2 | 1 . 1 . . Processor 1 | . . 1 . . Hackware . | . . . . . Protection 3 | . . . . 3 Artifact . | . . . . . Weapon 18 | 2 1 6 1 8 Energy Gun 4 | . 1 1 1 1 Energy Cannon 2 | . . 1 . 1 Ballistic Gun 4 | 2 . 2 . . Ballistic Cannon 1 | . . 1 . . Launcher 2 | . . 1 . 1 Special Weapon . | . . . . . Impact Weapon 2 | . . . . 2 Slashing Weapon 2 | . . . . 2 Piercing Weapon 1 | . . . . 1 Special Melee Weapon . | . . . . . Unidentified Prototypes 2 | . . . . 2 Parts Lost 8 | . . 1 2 5 Power 2 | . . 1 . 1 Propulsion 1 | . . . . 1 Utility 2 | . . . 1 1 Weapon 3 | . . . 1 2 Highest Loss Streak 4 | . . 1 2 4 To Critical Strikes 1 | . . . . 1 Average Backups 12 | 4 7 12 13 12 Power 1 | . 1 2 2 . Propulsion 3 | 3 4 3 3 3 Utility 4 | . . 2 5 5 Weapon 1 | . 1 2 2 . Tool/Special . | . . . . . Unused Backups 21 | . . 5 . 16 Power 3 | . . 1 . 2 Propulsion 5 | . . 3 . 2 Utility 10 | . . 1 . 9 Weapon 1 | . . . . 1 Tool/Special 2 | . . . . 2 Average Slot Usage (%) 87 | . 84 86 87 89 Engine 6 | . 13 9 9 1 Core 4 | . . . . 9 Treads 25 | . . 26 28 28 Leg 2 | . 28 1 . 1 Device 2 | . . 4 5 . Storage 12 | . 14 11 9 12 Processor 4 | . . 4 9 3 Protection 3 | . . . . 6 Energy Gun 7 | . 3 3 7 11 Ballistic Gun 7 | . 24 12 9 . Ballistic Cannon 5 | . . 9 9 3 Impact Weapon 4 | . . . . 8 Peak Build Rating 36 | 6 6 30 30 36 Average Rating 20 | 4 5 20 29 22 On Entrance 14 | . 6 6 30 29 Naked Turns . | . . . . . Heaviest Build 39 | 12 12 39 33 39 Greatest Support 60 | 20 20 60 60 60 Greatest Overweight (x) 1 | . 1 . . 1 Average Overweight (x) . | . . . . . Largest Inventory Capacity 15 | 8 8 15 15 15 Average Capacity 14 | 6 8 14 15 15 Most Carried 15 | 6 8 15 15 15 Average Carried 13 | 4 7 12 14 14 Final Capacity 15 | 8 8 15 15 15 Final Carried 15 | 6 8 14 15 15 Class Distribution -------------------- 44% | Commander-Mutant 28% | Mutant 25% | Gunner Dominant Class ---------------- Mutant | -10/Materials Gunner | -10/Subcaves Gunner | -9/Recycling Commander-Mutant | -9/Scraptown Resources | -11 -10 -10 -9 -9 ----------- Run | Yrd Mat Sub Rec Scr Matter Collected 1534 | 192 86 806 88 362 Remotely . | . . . . . Salvage Created 823 | . . 573 52 198 Parts 54 | . . 38 4 12 Haulers Intercepted . | . . . . . Recyclers Shooed . | . . . . . Parts Field Recycled . | . . . . . Retrieved Matter . | . . . . . Parts Self-Destructed 9 | . . 6 . 3 Prevented 2 | . . . . 2 Kills | -11 -10 -10 -9 -9 ------- Run | Yrd Mat Sub Rec Scr Combat Hostiles Destroyed 21 | . . 13 1 7 Melee 1 | . . . . 1 Guns 3 | . . 2 1 . Cannons 11 | . . 11 . . AOE 6 | . . . . 6 Classes Destroyed 11 | . . 5 1 5 Turret 2 | . . 2 . . Swarmer 2 | . . 2 . . Sentry 1 | . . . 1 . Artisan 3 | . . 3 . . Cobbler 2 | . . 2 . . Subdweller 11 | . . 11 . . Bolteater 1 | . . . . 1 Federalist 1 | . . . . 1 Ranger 2 | . . . . 2 Guru 1 | . . . . 1 Scrapper 2 | . . . . 2 Best Kill Streak 6 | . . 3 1 6 Combat Bots Only 6 | . . 3 1 6 Max Kills in Single Turn 2 | . . 1 1 2 Gunslinging . | . . . . . Exploded 2 | . . . . 2 Melee 1 | . . . . 1 Uniques/NPCs Destroyed . | . . . . . Combat | -11 -10 -10 -9 -9 -------- Run | Yrd Mat Sub Rec Scr Hostile Shots Fired 188 | . . 62 11 115 Missed 60 | . . 27 3 30 Hits 128 | . . 35 8 85 Melee 26 | . . . 2 24 Projectile 102 | . . 35 6 61 AOE 6 | . . . 6 . Critical Strikes 4 | . . 1 . 3 Damage Taken 1777 | . . 642 284 851 Core 258 | . . 71 14 173 Absorbed by Shields 52 | . . . . 52 Core Remaining (%) 100 | 100 . . . . Volleys Fired 94 | . 3 73 11 7 Largest 3 | . 2 3 3 1 Hottest 138 | . 40 138 98 43 Shots Fired 204 | . 6 164 27 7 Gun 121 | . 6 99 16 . Cannon 75 | . . 64 11 . Launcher 8 | . . 1 . 7 Special . | . . . . . Kinetic 158 | . 6 130 22 . Thermal 8 | . . 8 . . Explosive 8 | . . 1 . 7 Electromagnetic 30 | . . 25 5 . Robot Hit Streak 11 | . 1 9 11 7 Robot Miss Streak 5 | . 5 3 5 . Penetration Max . | . . . . . Secondary Targets . | . . . . . Shots Hit Robots 89 | . 1 65 14 9 Core Hits 45 | . . 33 2 10 Critical Kills . | . . . . . Critical Parts Destroyed 2 | . . . 1 1 Critical Strikes 4 | . . 2 1 1 Destroy 2 | . . 1 1 . Blast 1 | . . 1 . . Smash 1 | . . . . 1 Melee Attacks 3 | . . . . 3 Impact 3 | . . . . 3 Slashing . | . . . . . Piercing . | . . . . . Sneak Attacks . | . . . . . Combat Hostiles . | . . . . . Follow-up Attacks . | . . . . . Damage Inflicted 2875 | . 12 1246 307 1310 Guns 681 | . 12 513 156 . Cannons 790 | . . 639 151 . Explosions 1301 | . . 94 . 1207 Melee 103 | . . . . 103 Ramming . | . . . . . Kinetic 1158 | . 12 880 266 . Thermal 204 | . . 204 . . Explosive 1207 | . . . . 1207 Electromagnetic 203 | . . 162 41 . Impact 103 | . . . . 103 Slashing . | . . . . . Piercing . | . . . . . Highest Corruption 5 | . . . 5 5 Average Corruption 5 | . . . 5 5 Corruption Purged . | . . . . . Corruption Blocked . | . . . . . Effects 11 | . . . 5 6 Message Errors 2 | . . . 1 1 Matter Fused 3 | . . . 2 1 Heat Flow Errors 3 | . . . 2 1 Energy Discharges 2 | . . . . 2 Data Loss (minor) 1 | . . . . 1 Overload Shots . | . . . . . Overflow Damage 160 | . . . 22 138 Projectiles 22 | . . . 22 . Explosions 75 | . . . . 75 Melee 63 | . . . . 63 Knockbacks 5 | . . 5 . . Impact . | . . . . . Kinetic 5 | . . 5 . . Secondary . | . . . . . Self-Inflicted Damage 61 | . . 39 . 22 Shots 2 | . . 1 . 1 Rammed . | . . . . . Targets Rammed . | . . . . . Kicked . | . . . . . Crushed . | . . . . . Highest Temperature 259 | . . 33 259 230 Average Temperature 49 | . . 10 59 65 Received Heat Transfer 264 | . . 135 . 129 Siege Activations . | . . . . . Martial Activations . | . . . . . Shielding Activations . | . . . . . Robots Disrupted . | . . . . . Combat Hostiles . | . . . . . Robots Corrupted . | . . . . . Combat Hostiles . | . . . . . Parts Fried 2 | . . 2 . . Impact Corruptions 2 | . . . . 2 Robots Melted . | . . . . . Combat Hostiles . | . . . . . Parts Melted . | . . . . . Heat Transferred 248 | . . 248 . . Parts Sabotaged . | . . . . . Parts Stolen 3 | . . . . 3 Parts Stripped . | . . . . . Power Chain Reactions 3 | . . 3 . . Alert | -11 -10 -10 -9 -9 ------- Run | Yrd Mat Sub Rec Scr Maximum Alert Level . | . . . . . Low Security (%) 100 | 100 100 . 100 . Level 1 . | . . . . . Level 2 . | . . . . . Level 3 . | . . . . . Level 4 . | . . . . . Level 5 . | . . . . . High Security . | . . . . . Max Security . | . . . . . Peak Influence 22 | . 6 . 22 . Initial 18 | . . . 18 . Average 2 | . . . 5 . Influence Increases 218 | . 6 110 102 . Destroy 0b10 Robot/C 120 | . . 80 40 . Destroy 0b10 Robot/NC 5 | . . . 5 . Allied During Kill 1 | . . . 1 . Successful Hack 28 | . 6 . 22 . Destroy Structure 4 | . . . 4 . Lose Combat Pursuer 60 | . . 30 30 . Influence Decreases 218 | . 6 72 140 . Entered New Map 20 | . . . 20 . Time Decay 178 | . 6 72 100 . Lost Part 20 | . . . 20 . Squads Dispatched . | . . . . . Investigation . | . . . . . Extermination . | . . . . . Reinforcement . | . . . . . Assault . | . . . . . Garrison . | . . . . . Intercept . | . . . . . Searches Triggered . | . . . . . Construction Impeded . | . . . . . Haulers Reinforced . | . . . . . Active Scanning Responses . | . . . . . Cargo Convoy Interrupts . | . . . . . Stealth | -11 -10 -10 -9 -9 --------- Run | Yrd Mat Sub Rec Scr Distress Signals 1 | . . . 1 . Communications Jammed . | . . . . . Distress Signals . | . . . . . Times Spotted 51 | . 2 18 9 22 Peak Tracking Total 6 | . 1 4 5 6 Tactical Retreats 6 | . . 1 2 3 Traps | -11 -10 -10 -9 -9 ------- Run | Yrd Mat Sub Rec Scr Traps Triggered 5 | . 4 1 . . Indirectly . | . . . . . Trap Hack Attempts . | . . . . . Triggered . | . . . . . Disarmed . | . . . . . Reprogrammed . | . . . . . Reused . | . . . . . Traps Extracted . | . . . . . Installed . | . . . . . Triggered . | . . . . . Machines | -11 -10 -10 -9 -9 ---------- Run | Yrd Mat Sub Rec Scr Machines Disabled 12 | . 1 4 . 7 Max in Single Turn 2 | . 1 2 . 2 Machines Repaired . | . . . . . Machines Dismantled . | . . . . . Machines Sabotaged . | . . . . . Overloaded Fab Kills . | . . . . . Hacking | -11 -10 -10 -9 -9 --------- Run | Yrd Mat Sub Rec Scr Machines Accessed 12 | . 2 1 5 4 Terminals 6 | . 2 . 4 . Fabricators . | . . . . . Repair Stations . | . . . . . Recycling Units . | . . . . . Scanalyzers . | . . . . . Garrison Access . | . . . . . Total Hacks 41 | . 5 1 16 19 Successful 33 | . 3 1 10 19 Failed 8 | . 2 . 6 . Catastrophic 1 | . . . 1 . Database Lockouts . | . . . . . Manual 12 | . 1 . 11 . Terminals 17 | . 5 . 12 . Fabricators . | . . . . . Repair Stations . | . . . . . Recycling Units . | . . . . . Scanalyzers . | . . . . . Garrison Access . | . . . . . Terminal Hacks 30 | . 3 1 7 19 Record 23 | . . . 4 19 Locate Traps 1 | . 1 . . . Zone Layout 5 | . 2 . 3 . Proto ID Catalog 1 | . . 1 . . Fabricator Hacks . | . . . . . Repair Station Hacks . | . . . . . Recycling Unit Hacks . | . . . . . Scanalyzer . | . . . . . Garrison Access Hacks . | . . . . . Unauthorized Hacks 3 | . . . 3 . Terminals 3 | . . . 3 . Botnet 1 | . . . 1 . Operators 2 | . . . 2 . Fabricators . | . . . . . Repair Stations . | . . . . . Recycling Units . | . . . . . Scanalyzers . | . . . . . Garrison Access . | . . . . . Data Cores Recovered . | . . . . . Used . | . . . . . Hacking Detections 5 | . 1 . 4 . Full Trace Events . | . . . . . Feedback Events . | . . . . . Feedback Blocked . | . . . . . Robot Schematics Acquired . | . . . . . Robots Built . | . . . . . Authchips . | . . . . . Time . | . . . . . Total Robot Build Rating . | . . . . . Part Schematics Acquired . | . . . . . Parts Built . | . . . . . Authchips . | . . . . . Time . | . . . . . Total Part Build Rating . | . . . . . Parts Repaired . | . . . . . Time . | . . . . . Parts Recycled . | . . . . . Recycled Matter . | . . . . . Retrieved Matter . | . . . . . Retrieved Components . | . . . . . Parts Scanalyzed . | . . . . . Part Schematics Acquired . | . . . . . Parts Damaged . | . . . . . Bothacking | -11 -10 -10 -9 -9 ------------ Run | Yrd Mat Sub Rec Scr Used RIF Installer . | . . . . . Robots Hacked . | . . . . . Non-combat . | . . . . . Combat . | . . . . . Robot Hacks Applied . | . . . . . Relay Couplers Released . | . . . . . Fabnet Peak Effective % . | . . . . . Robots Rewired 7 | . . . 7 . Allies Hacked . | . . . . . Hacks Repelled . | . . . . . Allies | -11 -10 -10 -9 -9 -------- Run | Yrd Mat Sub Rec Scr Total Allies 7 | . . . 7 . Largest Group 7 | . . . 7 7 Highest-Rated Group 162 | . . . 162 162 Highest-Rated Ally 34 | . . . 34 34 Total Orders 5 | . . . 5 . FOLLOW 5 | . . . 5 . Ally Attacks 12 | . . . 4 8 Total Damage 590 | . . . 79 511 Kills 9 | . . . 2 7 Allies Corrupted . | . . . . . Allies Melted 2 | . . . . 2 Intel | -11 -10 -10 -9 -9 ------- Run | Yrd Mat Sub Rec Scr Active Infowar (turns) 163 | . . 163 . . Optics 163 | . . 163 . . Robot Analysis Total . | . . . . . Derelict Logs Recovered 3 | . . . . 3 Drone Launches . | . . . . . Drone Recoveries . | . . . . . Exploration | -11 -10 -10 -9 -9 ------------- Run | Yrd Mat Sub Rec Scr Turns Passed 7676 | 58 487 3064 477 3590 Spaces Moved 4558 | 40 336 1756 243 2183 Core 6 | 6 . . . . Treads 4031 | . . 1681 243 2107 Legs 521 | 34 336 75 . 76 Wheels . | . . . . . Hover . | . . . . . Flight . | . . . . . Fastest Speed 50 | 50 120 120 160 120 Average Speed 155 | 109 120 158 160 159 Slowest Speed 240 | 120 190 160 160 240 Overloaded Moves . | . . . . . Propulsion Burnouts . | . . . . . Robots Hopped . | . . . . . Potential Cave-ins . | . . . . . Cave-ins Triggered . | . . . . . Exploration Rate (%) 61 | 4 65 93 51 95 Regions Visited 4 Branch Regions 3 Pre-discovered Areas 2 | . . 1 . 1 Known Exits Taken . | . . . . . Unknown Exits Taken 4 | 1 1 1 1 . Scrap Searched 14 | . . 2 . 12 Spaces Dug 2 | . . 2 . . Terrain Destroyed 87 | . . 16 5 66 Melee . | . . . . . Projectile 9 | . . 4 5 . AOE 78 | . . 12 . 66 Terrain Rammed . | . . . . . Walls Destroyed . | . . . . . Machines Disabled . | . . . . . Actions | -11 -10 -10 -9 -9 --------- Run | Yrd Mat Sub Rec Scr Total 4953 | 51 409 1899 309 2285 Wait 96 | . 59 14 13 10 Move 4554 | 39 335 1755 242 2183 Hop . | . . . . . Pick Up 46 | 6 2 17 1 20 Fast Attach 34 | 6 9 5 1 13 Attach 14 | . . 7 . 7 Detach 7 | . . 4 . 3 Swap 17 | . . 11 . 6 Drop 47 | . 1 13 . 33 Fire 94 | . 3 73 11 7 Melee 3 | . . . . 3 Ram . | . . . . . Kick . | . . . . . Crush . | . . . . . Escape Stasis . | . . . . . Rewire 41 | . . . 41 . Trap . | . . . . . Miscellaneous . | . . . . . Route ------- -11/Scrapyard -10/Materials (discovered 4 exits: [*Mat x2] / [*Min] / *Sub) -10/Subcaves (discovered 3 exits: [*Mat x2] / *Rec) -9/Recycling -9/Scraptown (discovered 2 exits: *Fac x2) History --------- Turn | Location | Event 6 | -11/Scrapyard | Discovered new exit (range 15) 59 | -11/Scrapyard | Entered Materials 195 | -10/Materials | Discovered new exit (range 16) 307 | -10/Materials | Build established: Mutant 366 | -10/Materials | Discovered new exit (range 18) 435 | -10/Materials | Discovered new exit (range 16) 534 | -10/Materials | Discovered new exit (range 6) 546 | -10/Materials | Entered Subcaves 678 | -10/Subcaves | Learned location of Zion (-6) 678 | -10/Subcaves | Met a Zionite searching for "candidates" 996 | -10/Subcaves | Shifting Twisted Machinery released Sub. Monowheel 998 | -10/Subcaves | Discovered new exit (range 12) 1020 | -10/Subcaves | Shifting Twisted Machinery released Battle Rifle 1661 | -10/Subcaves | Discovered new exit (range 13) 1850 | -10/Subcaves | Visited 4L-MR0's lab 1878 | -10/Subcaves | Found Rainbow Chip 1960 | -10/Subcaves | Attached Rainbow Chip, gained temporary slots: Power, Propulsion, Utility, Weapon 2268 | -10/Subcaves | Build established: Gunner 2696 | -10/Subcaves | Discovered new exit (range 12) 3226 | -10/Subcaves | A Subdweller sparked back to life 3256 | -10/Subcaves | Found Gun Armor 3610 | -10/Subcaves | Entered Recycling 4028 | -9/Recycling | Scanned before Scraplab entrance 4052 | -9/Recycling | Entered Scraplab 4081 | -9/Recycling | Discovered new exit (range 3) 4087 | -9/Recycling | Entered Scraptown 4087 | -9/Scraptown | Accompanied by 7 allies 4131 | -9/Scraptown | Heard Great Nut preacher, LISTEN AND RECITE! 4297 | -9/Scraptown | System corruption cleaned by C-Scrubber 4380 | -9/Scraptown | Build established: Commander-Mutant 4666 | -9/Scraptown | Scanned Subdweller tech in exchange for log data 4679 | -9/Scraptown | Learned location of 1 exit from Upper Caves 4681 | -9/Scraptown | Learned Factory terminal intel 4682 | -9/Scraptown | Learned Research terminal intel 4710 | -9/Scraptown | Discovered new exit (range 3) 4875 | -9/Scraptown | Visited Awakened 4919 | -9/Scraptown | Visited Bundlers 5458 | -9/Scraptown | Visited Symbiants 5482 | -9/Scraptown | Visited Red Mages 5541 | -9/Scraptown | Visited Cyclists 5586 | -9/Scraptown | Visited UFD Registry 5607 | -9/Scraptown | Visited TADAMA 5647 | -9/Scraptown | Visited CPS Storage 5693 | -9/Scraptown | Registered with UFD as "Steamshaft" 5727 | -9/Scraptown | Entered Cyclist Reading Room 5821 | -9/Scraptown | Visited Abandonware Association 5837 | -9/Scraptown | Learned abandonware demo "KABOOM.EXE" 5876 | -9/Scraptown | Visited DA-N13 Charitable Foundation 5882 | -9/Scraptown | Found DCF Scrap (27 items) 5948 | -9/Scraptown | Visited Scrapoid Pod Storage 5957 | -9/Scraptown | Found Scrapoid Pod 5989 | -9/Scraptown | Visited Curators Association 6016 | -9/Scraptown | Visited Derelict Rescue Squad 6029 | -9/Scraptown | Found DRS Beacon 6057 | -9/Scraptown | Visited Research Penetration Think Tank 6091 | -9/Scraptown | Visited Junk Repository 6153 | -9/Scraptown | Visited Chapter 10 6185 | -9/Scraptown | Visited Infowarlord's Domain 6220 | -9/Scraptown | Visited LU-1G1's Boring Crew 7293 | -9/Scraptown | Found Scrap Suit 7397 | -9/Scraptown | Met Optimus 7397 | -9/Scraptown | Accepted into 0bPrime 7476 | -9/Scraptown | Civil war broke out across Scraptown 7519 | -9/Scraptown | Core integrity fell below 50% 7556 | -9/Scraptown | Lost 4 parts (1p1n1u1w) 7562 | -9/Scraptown | Identified exit to Factory 7594 | -9/Scraptown | Found Prototype Reactor 7594 | -9/Scraptown | Identified MA-1KR's Cyclogen 7614 | -9/Scraptown | Lost 13 allies 7626 | -9/Scraptown | Core integrity fell below 20% 7677 | -9/Scraptown | Destroyed by TQ-8R3(j) with Overtuned Pulse Rifle Last Messages --------------- to repair Ovr. Titanium Leg. 07649_ Dropped DRS Beacon. 07650_ X3-B9W(E) cannibalizes Lgt. Deuterium Engine to repair Imp. Deuterium Engine. 07655_ Acquired DRS Beacon. 07657_ Dropped DRS Beacon. 07658_ Acquired VSS Leg. 07660_ Dropped Corrupted Rocket Booster. 07660_ Acquired DRS Beacon. 07661_ Acquired 10 matter. 07664_ HE-VLN(j) destroyed. 07667_ HY-79Z(j) suffers critical hit (Destroy). 07668_ X3-B9W(E) destroyed. 07671_ 84-7SW(j) suffers critical hit (Burn). 07671_ 84-7SW(j) critical meltdown. 07672_ HY-79Z(j) destroyed. 07673_ E2-UUO(j) suffers critical hit (Burn). 07674_ E2-UUO(j) destroyed. 07675_ Ripteeth destroyed. Map ----- +----------------------------------------------------+ | ?????????????????????????????????????????????????? | | ?????????????????????????????????????????????????? | | ???????????????????????###???????????????????????? | | ?###################?### #######?????????????????? | | #"""##"""##""|##"""### # # #??